[ AOE2 MATCH · #504941760 ]
UnrankedBerbers vs Romans
Player's team · WIN
Rival team · LOSS
[ REPLAY ANALYSIS · EXTRACTED FROM THE RECORDED GAME ]
Feudal
10:08
Castle
19:57
Imperial
39:37
| APM avg | 43.0 |
| APM peak | 71 |
| eAPM avg | 25.1 |
| Villagers / military | 156 / 165 |
Focus
⚔️ 49.2% · 🌾 50.8%
Knight ×50 · Scout Cavalry ×41 · Camel Archer ×39 · Cavalry Archer ×15 · Trebuchet (Packed) ×7 · Monk ×4
Feudal
8:54
Castle
20:13
Imperial
40:13
| APM avg | 52.6 |
| APM peak | 93 |
| eAPM avg | 31.3 |
| Villagers / military | 216 / 189 |
Focus
⚔️ 38.0% · 🌾 62.0%
Spearman ×96 · Knight ×23 · Scorpion ×22 · Battering Ram ×19 · Scout Cavalry ×17 · Monk ×5
Match map
Initial resources + every placement click. Lines = walls · curves = elevation contours. ◆ gold · ⬟ stone · ● berries · ✦ relic · ◌ wall gap
Your base· ✓ Closed at 19:57 · 37t walls · no gate
SneakySalmon's base· Open — opponent sealed themselves in
Smoothed initial terrain · ◌ = detected wall gap · hover for details
Inputs per minute
— RaggedCone8628 - - SneakySalmon
Build order — RaggedCone8628
First 150 of 484 actions detected
| 0:00 | Queue | Villager (Male) |
| 0:00 | Queue | Villager (Male) |
| 0:02 | Build | House |
| 0:03 | Build | House |
| 0:28 | Queue | Villager (Male) |
| 0:29 | Queue | Villager (Male) |
| 1:25 | Queue | Villager (Male) |
| 2:06 | Queue | Villager (Male) |
| 2:25 | Build | Lumber Camp |
| 2:33 | Queue | Villager (Male) |
| 2:50 | Queue | Villager (Male) |
| 3:16 | Queue | Villager (Male) |
| 3:45 | Queue | Villager (Male) |
| 3:45 | Queue | Villager (Male) |
| 3:45 | Queue | Villager (Male) |
| 3:52 | Build | House |
| 3:54 | Build | Palisade Wall |
| 4:24 | Queue | Villager (Male) |
| 4:27 | Queue | Villager (Male) |
| 4:46 | Queue | Villager (Male) |
| 4:58 | Build | Barracks |
| 5:31 | Build | House |
| 5:41 | Queue | Villager (Male) |
| 5:52 | Queue | Militia |
| 5:52 | Queue | Militia |
| 5:54 | Queue | Villager (Male) |
| 6:09 | Build | House |
| 6:34 | Build | House |
| 6:38 | Queue | Villager (Male) |
| 6:59 | Queue | Villager (Male) |
| 7:09 | Build | Mill |
| 7:19 | Build | Mining Camp |
| 7:20 | Research | Loom |
| 7:43 | Build | Palisade Wall |
| 7:45 | Build | Palisade Wall |
| 7:52 | Research | Feudal Age |
| 8:32 | Queue | Militia |
| 8:34 | Build | Mill |
| 8:52 | Build | Palisade Wall |
| 8:58 | Queue | Militia |
| 9:57 | Queue | Villager (Male) |
| 10:08 | Age | Feudal Age |
| 10:12 | Research | Man-at-Arms (upgrade) |
| 10:12 | Research | Double-Bit Axe |
| 10:19 | Build | Palisade Wall |
| 10:32 | Queue | Villager (Male) |
| 10:41 | Queue | Villager (Male) |
| 11:00 | Build | Farm |
| 11:02 | Build | Farm |
| 11:17 | Queue | Villager (Male) |
| 11:49 | Queue | Villager (Male) |
| 11:50 | Build | Farm |
| 11:51 | Build | Farm |
| 11:52 | Build | Farm |
| 11:54 | Build | Farm |
| 11:56 | Build | Farm |
| 12:13 | Queue | Villager (Male) |
| 12:30 | Build | Archery Range |
| 12:33 | Queue | Villager (Male) |
| 12:41 | Queue | Villager (Male) |
| 12:44 | Build | Farm |
| 12:49 | Build | Blacksmith |
| 13:05 | Queue | Villager (Male) |
| 13:08 | Build | Farm |
| 13:10 | Build | Farm |
| 13:22 | Queue | Spearman |
| 13:22 | Queue | Spearman |
| 13:31 | Queue | Villager (Male) |
| 13:34 | Build | House |
| 13:59 | Build | Farm |
| 14:10 | Queue | Villager (Male) |
| 14:12 | Build | Farm |
| 14:16 | Build | Farm |
| 14:39 | Build | Farm |
| 14:39 | Queue | Villager (Male) |
| 15:05 | Queue | Villager (Male) |
| 15:13 | Build | Farm |
| 15:25 | Build | House |
| 15:26 | Build | House |
| 15:28 | Build | House |
| 15:35 | Queue | Villager (Male) |
| 16:01 | Build | Farm |
| 16:15 | Queue | Villager (Male) |
| 16:29 | Queue | Villager (Male) |
| 16:49 | Build | Archery Range |
| 17:17 | Research | Castle Age |
| 17:19 | Research | Horse Collar |
| 17:43 | Queue | Spearman |
| 17:51 | Build | Lumber Camp |
| 18:29 | Research | Fletching |
| 18:29 | Research | Padded Archer Armor |
| 18:44 | Build | Archery Range |
| 19:27 | Queue | Spearman |
| 19:57 | Queue | Villager (Male) |
| 19:57 | Age | Castle Age |
| 20:01 | Build | Town Center |
| 20:03 | Research | Bodkin Arrow |
| 20:05 | Queue | Cavalry Archer |
| 20:05 | Queue | Cavalry Archer |
| 20:14 | Queue | Villager (Male) |
| 20:15 | Research | Bow Saw |
| 20:21 | Queue | Villager (Male) |
| 20:24 | Queue | Cavalry Archer |
| 20:24 | Queue | Cavalry Archer |
| 20:41 | Research | Gold Mining |
| 20:50 | Queue | Cavalry Archer |
| 20:51 | Queue | Cavalry Archer |
| 20:53 | Queue | Villager (Male) |
| 21:23 | Queue | Cavalry Archer |
| 21:24 | Queue | Villager (Male) |
| 21:24 | Queue | Villager (Male) |
| 21:34 | Queue | Villager (Male) |
| 21:38 | Build | House |
| 21:40 | Build | House |
| 21:49 | Queue | Villager (Male) |
| 21:52 | Queue | Villager (Male) |
| 21:55 | Build | Town Center |
| 22:03 | Queue | Cavalry Archer |
| 22:03 | Queue | Cavalry Archer |
| 22:08 | Queue | Villager (Male) |
| 22:17 | Build | House |
| 22:19 | Queue | Villager (Male) |
| 22:21 | Build | Farm |
| 22:21 | Build | Farm |
| 22:21 | Build | Farm |
| 22:22 | Build | Farm |
| 22:24 | Queue | Villager (Male) |
| 22:29 | Queue | Villager (Male) |
| 22:37 | Queue | Cavalry Archer |
| 22:39 | Queue | Villager (Male) |
| 22:42 | Build | Farm |
| 22:43 | Queue | Villager (Male) |
| 22:48 | Build | Farm |
| 22:49 | Build | Farm |
| 22:54 | Queue | Villager (Male) |
| 22:57 | Build | Farm |
| 22:58 | Build | Farm |
| 23:08 | Build | Palisade Gate |
| 23:22 | Research | Heavy Plow |
| 23:23 | Queue | Villager (Male) |
| 23:30 | Build | House |
| 23:33 | Queue | Villager (Male) |
| 23:35 | Queue | Villager (Male) |
| 23:42 | Queue | Cavalry Archer |
| 23:42 | Queue | Cavalry Archer |
| 23:56 | Queue | Villager (Male) |
| 23:58 | Queue | Cavalry Archer |
| 24:11 | Queue | Villager (Male) |
| 24:16 | Queue | Villager (Male) |
| 24:16 | Queue | Villager (Male) |
Build order — SneakySalmon
First 150 of 576 actions detected
| 0:00 | Queue | Villager (Male) |
| 0:01 | Queue | Villager (Male) |
| 0:01 | Queue | Villager (Male) |
| 0:01 | Queue | Villager (Male) |
| 0:03 | Build | House |
| 0:05 | Build | House |
| 1:30 | Queue | Villager (Male) |
| 1:30 | Queue | Villager (Male) |
| 1:54 | Queue | Villager (Male) |
| 2:13 | Queue | Villager (Male) |
| 2:24 | Build | Lumber Camp |
| 2:52 | Queue | Villager (Male) |
| 2:53 | Queue | Villager (Male) |
| 2:53 | Queue | Villager (Male) |
| 3:39 | Queue | Villager (Male) |
| 3:52 | Build | House |
| 3:56 | Queue | Villager (Male) |
| 4:34 | Queue | Villager (Male) |
| 4:45 | Build | Mill |
| 4:52 | Queue | Villager (Male) |
| 5:15 | Queue | Villager (Male) |
| 5:45 | Queue | Villager (Male) |
| 6:02 | Build | House |
| 6:17 | Queue | Villager (Male) |
| 6:44 | Research | Feudal Age |
| 6:44 | Research | Feudal Age |
| 6:44 | Research | Feudal Age |
| 7:07 | Queue | Villager (Male) |
| 7:15 | Build | Lumber Camp |
| 8:06 | Build | Barracks |
| 8:54 | Age | Feudal Age |
| 8:57 | Build | Stable |
| 9:11 | Queue | Spearman |
| 9:12 | Queue | Villager (Male) |
| 9:14 | Research | Double-Bit Axe |
| 9:38 | Queue | Villager (Male) |
| 9:42 | Build | House |
| 9:42 | Queue | Scout Cavalry |
| 9:46 | Build | House |
| 9:48 | Build | Palisade Wall |
| 9:52 | Research | Horse Collar |
| 10:03 | Build | Palisade Wall |
| 10:08 | Queue | Villager (Male) |
| 10:23 | Queue | Scout Cavalry |
| 10:28 | Queue | Villager (Male) |
| 10:39 | Research | Loom |
| 10:44 | Build | Palisade Wall |
| 10:51 | Queue | Scout Cavalry |
| 10:52 | Queue | Villager (Male) |
| 10:58 | Queue | Scout Cavalry |
| 10:59 | Queue | Villager (Male) |
| 11:08 | Build | Farm |
| 11:09 | Build | Farm |
| 11:50 | Queue | Villager (Male) |
| 12:01 | Build | House |
| 12:12 | Build | Farm |
| 12:14 | Build | Farm |
| 12:16 | Build | Farm |
| 12:20 | Build | Farm |
| 12:24 | Queue | Villager (Male) |
| 12:38 | Build | House |
| 12:41 | Build | Palisade Wall |
| 12:46 | Queue | Villager (Male) |
| 13:03 | Build | House |
| 13:10 | Build | Farm |
| 13:10 | Queue | Villager (Male) |
| 13:28 | Build | Mining Camp |
| 13:39 | Build | Farm |
| 13:40 | Queue | Villager (Male) |
| 13:47 | Build | House |
| 14:07 | Queue | Villager (Male) |
| 14:11 | Build | Farm |
| 14:16 | Build | House |
| 14:34 | Queue | Villager (Male) |
| 14:35 | Build | House |
| 14:37 | Queue | Villager (Male) |
| 14:57 | Build | Blacksmith |
| 15:17 | Build | Farm |
| 15:26 | Research | Wheelbarrow |
| 15:26 | Research | Wheelbarrow |
| 15:32 | Build | House |
| 15:35 | Build | Palisade Wall |
| 15:36 | Build | Palisade Wall |
| 15:54 | Build | House |
| 16:19 | Build | Farm |
| 16:21 | Build | Farm |
| 16:26 | Build | House |
| 16:40 | Queue | Villager (Male) |
| 16:42 | Build | Farm |
| 16:52 | Build | House |
| 17:04 | Queue | Villager (Male) |
| 17:33 | Research | Castle Age |
| 17:33 | Research | Castle Age |
| 18:14 | Research | Bloodlines |
| 18:36 | Build | Farm |
| 18:42 | Build | Farm |
| 18:47 | Research | Scale Barding Armor |
| 18:56 | Queue | Villager (Male) |
| 19:09 | Queue | Scout Cavalry |
| 19:27 | Build | House |
| 19:34 | Queue | Scout Cavalry |
| 20:13 | Age | Castle Age |
| 20:16 | Research | Light Cavalry (upgrade) |
| 20:19 | Build | Town Center |
| 20:22 | Build | Town Center |
| 20:27 | Build | Monastery |
| 20:29 | Queue | Villager (Male) |
| 20:36 | Research | Bow Saw |
| 20:52 | Queue | Villager (Male) |
| 21:07 | Queue | Villager (Male) |
| 21:17 | Queue | Monk |
| 21:27 | Queue | Villager (Male) |
| 21:27 | Queue | Villager (Male) |
| 21:31 | Research | Heavy Plow |
| 21:42 | Queue | Monk |
| 21:49 | Queue | Villager (Male) |
| 21:49 | Queue | Villager (Male) |
| 21:49 | Queue | Villager (Male) |
| 21:55 | Queue | Villager (Male) |
| 21:55 | Queue | Villager (Male) |
| 22:00 | Build | Lumber Camp |
| 22:05 | Queue | Villager (Male) |
| 22:05 | Queue | Villager (Male) |
| 22:14 | Build | Farm |
| 22:17 | Queue | Scout Cavalry |
| 22:28 | Queue | Villager (Male) |
| 22:29 | Queue | Villager (Male) |
| 22:32 | Build | Farm |
| 22:41 | Queue | Villager (Male) |
| 22:41 | Queue | Villager (Male) |
| 22:45 | Build | Siege Workshop |
| 22:52 | Build | University |
| 22:53 | Queue | Villager (Male) |
| 23:10 | Queue | Villager (Male) |
| 23:10 | Queue | Villager (Male) |
| 23:18 | Queue | Scorpion |
| 23:24 | Queue | Scout Cavalry |
| 23:25 | Queue | Villager (Male) |
| 23:26 | Queue | Villager (Male) |
| 23:28 | Build | Farm |
| 23:30 | Build | Farm |
| 23:35 | Queue | Scorpion |
| 23:36 | Queue | Villager (Male) |
| 23:36 | Queue | Villager (Male) |
| 23:41 | Queue | Villager (Male) |
| 23:50 | Queue | Villager (Male) |
| 23:50 | Queue | Villager (Male) |
| 23:57 | Research | Ballistics |
| 23:57 | Research | Ballistics |
| 23:58 | Research | Ballistics |
Match timeline
| 3:54 | RaggedCone8628 · wall_segment Palisade Wall x4 |
| 4:58 | RaggedCone8628 · first_building Barracks |
| 7:43 | RaggedCone8628 · wall_segment Palisade Wall x9 |
| 7:45 | RaggedCone8628 · wall_segment Palisade Wall x5 |
| 8:06 | SneakySalmon · first_building Barracks |
| 8:52 | RaggedCone8628 · wall_segment Palisade Wall x18 |
| 8:54 | SneakySalmon · age_up feudal |
| 8:57 | SneakySalmon · first_building Stable |
| 9:48 | SneakySalmon · wall_segment Palisade Wall x5 |
| 10:03 | SneakySalmon · wall_segment Palisade Wall x4 |
| 10:08 | RaggedCone8628 · age_up feudal |
| 10:19 | RaggedCone8628 · wall_segment Palisade Wall x1 |
| 10:44 | SneakySalmon · wall_segment Palisade Wall x1 |
| 12:30 | RaggedCone8628 · first_building Archery Range |
| 12:41 | SneakySalmon · wall_segment Palisade Wall x6 |
| 15:35 | SneakySalmon · wall_segment Palisade Wall x1 |
| 15:36 | SneakySalmon · wall_segment Palisade Wall x1 |
| 19:57 | RaggedCone8628 · age_up castle |
| 20:13 | SneakySalmon · age_up castle |
| 20:27 | SneakySalmon · first_building Monastery |
| 22:45 | SneakySalmon · first_building Siege Workshop |
| 24:26 | RaggedCone8628 · first_building Monastery |
| 24:58 | RaggedCone8628 · first_building Stable |
| 31:05 | RaggedCone8628 · first_building Siege Workshop |
| 31:12 | SneakySalmon · wall_segment Palisade Wall x1 |
| 31:38 | SneakySalmon · first_building Castle |
| 35:14 | RaggedCone8628 · first_building Castle |
| 37:42 | SneakySalmon · first_market_buy 100 wood |
| 38:28 | SneakySalmon · wall_segment Stone Wall x1 |
| 39:00 | SneakySalmon · first_market_sell 100 food |
| 39:37 | RaggedCone8628 · age_up imperial |
| 40:13 | SneakySalmon · age_up imperial |
| 46:11 | SneakySalmon · resign |
[ AI ANALYSIS · 1 CREDIT ]
What really happened in this match?
Wolo.gg analyzes every decision: build order, eco, micro, common mistakes by bracket. Personalized analysis on WhatsApp or Discord in 30 seconds.
Civ guide
Berbers
Perfil
Jugador #23079294